 Dungeon Crawl Stone Soup version 0.17.1-3-g152610e (webtiles) character file.

686 Gargoyl the Covered (level 7, -5/55 HPs)
             Began as a Demonspawn Abyssal Knight on Mar 30, 2016.
             Was a Believer of Lugonu.
             Slain by an orc wizard
             ... wielding a +2 dagger of electrocution
              (14 damage)
             ... on level 4 of the Dungeon on Mar 31, 2016.
             The game lasted 00:23:14 (3902 turns).

Gargoyl the Covered (Demonspawn Abyssal Knight)     Turns: 3902, Time: 00:23:14

Health: -5/55      AC: 13    Str: 13 (14) XL:     7   Next: 35%
Magic:  9/9        EV:  7    Int: 13      God:    Lugonu [**....]
Gold:   199        SH:  3    Dex: 13      Spells: 0 memorised, 6 levels left

rFire  . . .     SeeInvis .     a - +1 hand axe
rCold  . . .     Clarity  .     d - +0 chain mail
rNeg   . . .     SustAt   .     (no shield)
rPois  .         Gourm    .     r - +0 helmet
rElec  .         Spirit   .     (no cloak)
rCorr  .         Warding  .     (no gloves)
rMut   .         Stasis   .     (no boots)
MR     +....                    (no amulet)
Stlth  ..........               (no ring)
                                (no ring)

@: flying, somewhat resistant to hostile enchantments, extremely unstealthy
A: large bone plates 2, magic resistance 1
a: Depart the Abyss, Bend Space, Renounce Religion


You were on level 4 of the Dungeon.
You worshipped Lugonu.
Lugonu was pleased with you.
You were not hungry.

You visited 1 branch of the dungeon, and saw 4 of its levels.
You visited the Abyss 1 time.

You collected 199 gold pieces.

Inventory:

Hand Weapons
 a - a +1 hand axe (weapon)
 f - a +1 flail
Armour
 d - a +0 chain mail (worn)
 r - a +0 helmet (worn)
Scrolls
 e - 3 scrolls of remove curse
 g - 2 scrolls of fear
 h - a scroll of recharging
 p - 2 scrolls of identify
 q - 2 scrolls of teleportation
Potions
 l - a potion of degeneration
Comestibles
 c - a bread ration
 i - a meat ration
 k - 4 chunks of flesh
 n - 3 beef jerkies


   Skills:
 + Level 4.7 Fighting
 + Level 3.7 Axes
 * Level 4.8 Armour
 + Level 2.4 Dodging
 + Level 1.0 Stealth
 + Level 3.4 Invocations


You had 6 spell levels left.
You didn't know any spells.

Dungeon Overview and Level Annotations

Branches:
Dungeon (4/15)
 Temple: D:4-7

Altars:
Qazlal
The Shining One

Annotations:
D:2 1 exclusion


Innate Abilities, Weirdness & Mutations

You are mostly covered in large bone plates (AC +3, SH +3).
You are resistant to hostile enchantments.


Message History

It was a potion of beneficial mutation.
You feel resistant to hostile enchantments.
You feel fantastic! Something hits you.
* * * LOW HITPOINT WARNING * * *
The orc wizard closely misses you.
Drink which item? (? for menu, Esc to quit)
It was a potion of flight.
You feel very buoyant.
You fly up into the air.
Something hits you but does no damage.
The orc wizard casts a spell.
The orc wizard flickers and vanishes!
Drink which item? (? for menu, Esc to quit)
It was a potion of magic.
Magic courses through your body.
You feel less confused.
Something hits you but does no damage. x2
You barely miss something. You closely miss something.
Something hits you but does no damage. x2
You miss something. x2
Something hits you but does no damage.
You are electrocuted!
You die...

............>....................
.......#.#.#.#...#############'##
##..............#..............#
##....#.#.#.#...#..............#
................#..####'########
......#.#.#.#...#####.........[.
.#.....###+#....# #.........).
#######........# #...........
#.......@#####...........
#......{{......##'#######
#..............'.........
####†.............#...).)...
#...)#######......#..##...##
#....'h.o..#......#..##...#.
#....#..{o.#......#..######.
#....#.....#......#...#...#.
#..### .o..#......#...'...+.


There were no monsters in sight!

Vanquished Creatures
  Grinder (D:3)
  The ghost of MovingMist the Skirmisher, an amateur HOAK of Lugonu (D:4)
  An ogre (D:4)
  An orc wizard (D:4)
  A hound (D:4)
  An orc priest (D:4)
  Terence (D:2)
  A gnoll (D:1)
  5 adders
  3 oozes
  A worm (D:2)
  11 orcs
  4 giant cockroaches
  4 hobgoblins
  4 jackals (D:2)
  10 kobolds
  4 bats
  2 giant newts
  7 goblins
  A jackal skeleton (D:4)
  A quokka (D:3)
  8 rats
73 creatures vanquished.

Notes
Turn   | Place    | Note
--------------------------------------------------------------
     0 | Abyss:1  | Gargoyl the Demonspawn Abyssal Knight began the quest for the Orb.
     0 | Abyss:1  | Reached XP level 1. HP: 18/18 MP: 2/2
    19 | Abyss:1  | Found a corrupted altar of Lugonu.
    90 | Abyss:1  | Found a corrupted altar of Lugonu.
   105 | Abyss:1  | Noticed a giant orange brain
   185 | Abyss:1  | Noticed a sun demon
   185 | Abyss:1  | Noticed a sun demon
   206 | D:1      | Escaped the Abyss
   577 | D:1      | Reached * piety under Lugonu
   577 | D:1      | Gained mutation: You are partially covered in large bone plates (AC +2, SH +2). [demonic ancestry]
   577 | D:1      | Reached XP level 2. HP: 22/24 MP: 4/4
   740 | D:1      | Reached skill level 1 in Dodging
   898 | D:2      | Found a stormy altar of Qazlal.
   901 | D:2      | Noticed an earth elemental
   901 | D:2      | Noticed an air elemental
   902 | D:2      | Noticed a fire elemental
   902 | D:2      | Noticed a water elemental
   914 | D:2      | Reached XP level 3. HP: 21/29 MP: 5/5
  1186 | D:2      | Noticed Terence
  1202 | D:2      | Killed Terence
  1202 | D:2      | Reached XP level 4. HP: 19/35 MP: 6/6
  1660 | D:2      | Reached ** piety under Lugonu
  2266 | D:3      | Found a glowing golden altar of the Shining One.
  2362 | D:3      | Noticed Grinder
  2411 | D:3      | Killed Grinder
  2411 | D:3      | Reached skill level 4 in Fighting
  2411 | D:3      | Reached XP level 5. HP: 10/42 MP: 7/7
  2411 | D:3      | Reached XP level 6. HP: 11/48 MP: 8/8
  3272 | D:4      | Noticed MovingMist's ghost (amateur HOAK)
  3287 | D:4      | Killed MovingMist's ghost
  3424 | D:4      | Gained mutation: You are mostly covered in large bone plates (AC +3, SH +3). [demonic ancestry]
  3424 | D:4      | Reached XP level 7. HP: 33/55 MP: 9/9
  3866 | D:4      | Reached skill level 1 in Stealth
  3898 | D:4      | Gained mutation: You are resistant to hostile enchantments. [potion of beneficial mutation]
  3902 | D:4      | Slain by an orc wizard

Action                   |  1- 3 |  4- 6 |  7- 9 || total
-------------------------+-------+-------+-------++-------
Melee: Hand axe          |   113 |   182 |    47 ||   342
Invok: Depart the Abyss  |     1 |       |       ||     1
  Use: Scroll            |       |     6 |     3 ||     9
       Potion            |       |     7 |     5 ||    12
  Eat: Chunk             |     1 |     8 |     1 ||    10
